 Dungeon Crawl Stone Soup version 0.24-a0-201-gf205589 (webtiles) character file.

Game seed: 14824019046187014300

94 Borgoz the Sneak (level 4, -5/32 (33) HPs)
             Began as a Ghoul Enchanter on Mar 24, 2019.
             Was an Initiate of Ashenzari.
             Slain by Terence
             ... wielding a +5 hand axe of flaming
              (6 damage)
             ... on level 3 of the Dungeon.
             The game lasted 00:03:25 (2107 turns).

Borgoz the Sneak (Ghoul Enchanter)                  Turns: 2107, Time: 00:03:26

HP:   -5/32 (33)    AC: 11    Str: 16    XL:     4   Next: 63%
MP:   5/5           EV:  5    Int: 10    God:    Ashenzari [......]
Gold: 159           SH:  0    Dex: 10    Spells: 5/6 levels left

rFire    . . .     SeeInvis .   a - +1 dagger
rCold    + . .     Gourm    .   (no shield)
rNeg     + + +     Faith    .   e - +0 plate armour
rPois    ∞         Spirit   .   m - +0 helmet
rElec    .         Reflect  .   (no cloak)
rCorr    .         Harm     .   (no gloves)
MR       .....                  (no boots)
Stlth    ..........             (no amulet)
HPRegen  0.00/turn              (no ring)
MPRegen  0.09/turn              (no ring)

@: mighty, rotting
A: rotting body, claws 1, carnivore, cold resistance 1, negative energy
resistance 3, inhibited regeneration, torment resistance, unbreathing
a: Curse Item, Renounce Religion


You were on level 3 of the Dungeon.
You worshipped Ashenzari.
Ashenzari was noncommittal.
You were not hungry.

You visited 1 branch of the dungeon, and saw 3 of its levels.

You collected 159 gold pieces.

Inventory:

Hand Weapons
 a - a +1 dagger (weapon)
Missiles
 g - 7 tomahawks (quivered)
Armour
 e - a +0 plate armour (worn)
 m - a +0 helmet (worn)
Scrolls
 f - a scroll of teleportation {unknown}
 h - 3 scrolls of identify {unknown}
 i - a scroll of fear {unknown}
 j - a scroll of remove curse
 p - a scroll of random uselessness {unknown}
Potions
 b - a potion of might
 c - a potion of berserk rage {unknown}
 k - a potion of ambrosia {unknown}
 n - a potion of degeneration {unknown}
 o - a potion of curing {unknown}
Comestibles
 d - 4 rations


   Skills:
 + Level 2.3 Short Blades
 + Level 2.0 Armour
 + Level 2.7 Dodging
 - Level 3.2 Stealth
 - Level 1.7 Spellcasting
 - Level 2.4 Hexes


You had 5 spell levels left.
You knew the following spells:

 Your Spells              Type           Power        Failure   Level  Hunger
a - Corona                Hex            #......      100%        1    ##.....

Your spell library contained the following spells:

 Spells                   Type           Power        Failure   Level  Hunger
 Ensorcelled Hibernation  Hex/Ice        #.....       100%        2    ###....
 Confuse                  Hex            #.......     100%        3    ####...
 Dazzling Spray           Conj/Hex       #.....       100%        3    ####...
 Tukima's Dance           Hex            #.......     100%        3    ####...


Dungeon Overview and Level Annotations

Branches:
Dungeon (3/15)

Altars:
Ashenzari
Elyvilon
Hepliaklqana
Sif Muna
Xom
Yredelemnul
The Shining One

Annotations:
D:3 Terence


Innate Abilities, Weirdness & Mutations

Your body is rotting away.
You thrive on raw meat.
You are immune to poison.
You have sharp fingernails.
You are carnivorous and can eat meat at any time.
Your flesh is cold resistant. (rC+)
You are immune to negative energy. (rN+++)
You do not regenerate when monsters are visible.
You are immune to unholy pain and torment.
You can survive without breathing.


Message History

Unknown command.
It was a potion of might.
You feel very mighty all of a sudden. Terence hits you but does no damage.
You puncture Terence!
Terence is almost dead.
Terence hits you with a +5 hand axe of flaming.
* * * LOW HITPOINT WARNING * * *
Terence burns you.
* * * LOW HITPOINT WARNING * * *
Okay, then.
Your plate armour prevents you from hitting Terence.
Terence is almost dead.
You closely miss Terence.
Terence is almost dead.
Terence hits you but does no damage.
You hit Terence but do no damage.
Terence is almost dead.
Terence hits you with a +5 hand axe of flaming.
You die...

... ## #... ... .##.... ...
#...... ... ##..##.# #.#
#######..##..# #. #.#
##.......##.@# ..#. #. #.#
#..###.....@# >...# #.
#.###.###..###...........#...
#. ##.....##..##......##.##
.##<.##.
....####..###..######
..#..... ###..# #.#..... #.
#.#..... ##.###...#.## ... #.
##..[ #..........#
....##[##.... ## #..##......#
.......o.g#.. .###..##<.....#
...##..###..


You could see Terence.

Vanquished Creatures
  Jessica (D:2)
  An adder (D:2)
  An ooze (D:2)
  An adder skeleton (D:2)
  3 dart slugs
  3 leopard geckos
  An orc (D:3)
  2 giant cockroaches
  A hobgoblin (D:1)
  10 jackals
  4 bats
  3 frilled lizards
  A goblin (D:1)
  3 kobolds (D:1)
  10 rats
45 creatures vanquished.

Notes
Turn   | Place    | Note
-------+----------+-------------------------------------------
     0 | D:1      | Borgoz the Ghoul Enchanter began the quest for the Orb.
     0 | D:1      | Reached XP level 1. HP: 14/14 MP: 2/2
   148 | D:1      | Reached skill level 1 in Short Blades
   205 | D:1      | Reached XP level 2. HP: 9/20 MP: 3/3
   344 | D:1      | Reached skill level 1 in Armour
   430 | D:1      | Reached XP level 3. HP: 25/26 MP: 4/4
  1016 | D:2      | Noticed Jessica
  1044 | D:2      | Killed Jessica
  1109 | D:2      | Reached XP level 4. HP: 21/33 MP: 5/5
  1664 | D:2      | Found a white marble altar of Elyvilon.
  1667 | D:2      | Found a glowing golden altar of the Shining One.
  1669 | D:2      | Found a basalt altar of Yredelemnul.
  1669 | D:2      | Found a shimmering altar of Xom.
  1674 | D:2      | Found a shattered altar of Ashenzari.
  1676 | D:2      | Found a hazy altar of Hepliaklqana.
  1684 | D:2      | Became a worshipper of Ashenzari the Shackled
  1688 | D:2      | Found a deep blue altar of Sif Muna.
  2088 | D:3      | Noticed Terence
  2104 | D:3      | HP: 1/32 [Terence/+5 hand axe of flaming (1)]
  2107 | D:3      | Slain by Terence

Levels and vault maps discovered:
D:1:      dpeg_arrival_solitude, layout_loops_corners, minivault_24
D:2:      layout_rooms, minitemple, minmay_crystal_water, grunt_ministairs_13,
          minivault_11, uniq_jessica
D:3:      layout_rooms, uniq_terence

Skill      XL: |  1  2  3  4 |
---------------+-------------+-----
Short Blades   | 1 2 |  2.3
Dodging        | 2 |  2.7
Armour         | 1 2 |  2.0
Stealth        | |  3.2
Spellcasting   | |  1.7
Hexes          | |  2.4

Action                   |  1- 3 |  4- 6 || total
-------------------------+-------+-------++-------
Melee: Dagger            |   140 |   123 ||   263
  Use: Potion            |       |     1 ||     1
  Eat: Chunk             |     7 |     5 ||    12
Armor: Plate armour      |   117 |    93 ||   210
       Robe              |     1 |       ||     1
Dodge: Dodged            |    19 |     8 ||    27

Table legend:
 A = Non-vault XP
 B = Vault XP
 C = Vault XP percentage of total XP
 D = Non-vault monster count
 E = Vault monster count
 F = Vault count percentage of total count
                 A         B        C        D         E       F
            +---------+---------+-------+---------+---------+-------
      Total |      94 |      41 |  30.4 |      42 |       3 |   6.7
            +---------+---------+-------+---------+---------+-------
        D:1 |      39 |       0 |   0.0 |      22 |       0 |   0.0
        D:2 |      51 |      41 |  44.6 |      18 |       3 |  14.3
        D:3 |       4 |       0 |   0.0 |       2 |       0 |   0.0
            +---------+---------+-------+---------+---------+-------
